 Dungeon Crawl Stone Soup version 0.28-a0-724-g66f9036eb4 (webtiles) character file.

Game seed: 11228273941454778063

19 flotson the Sneak (level 2, -2/24 HPs)
             Began as a Demonspawn Delver on Oct 26, 2021.
             Slain by a kobold (4 damage)
             ... in a sewer.
             The game lasted 00:02:01 (959 turns).

flotson the Sneak (Demonspawn Delver)                Turns: 959, Time: 00:02:02

Health: -2/24      AC:  3    Str: 12    XL:     2   Next: 55%
Magic:  2/2        EV: 12    Int: 11    God:
Gold:   35         SH:  0    Dex: 14    Spells: 1/1 levels left

rFire   . . .      SeeInvis .   a - +0 hand axe
rCold   . . .      Faith    .   (no shield)
rNeg    . . .      Spirit   .   b - +0 leather armour
rPois   .          Reflect  .   (no helmet)
rElec   .          Harm     .   (no cloak)
rCorr   .          Rampage  .   (no gloves)
Will    .....                   (no boots)
Stlth   ++........              (no amulet)
HPRegen 0.08/turn               (no ring)
MPRegen 0.08/turn               (no ring)

@: no status effects
A: foul stench 1
a: no special abilities


You were in a sewer.
You visited 1 branch of the dungeon, and saw 3 of its levels.
You also visited: Sewer.

You collected 35 gold pieces.

Inventory:

Hand Weapons
 a - a +0 hand axe (weapon)
Armour
 b - a +0 leather armour (worn)
Wands
 g - a wand of digging (3)
Scrolls
 c - a scroll of fog
 e - a scroll of fear
 i - a scroll of identify {unknown}
 j - a scroll of immolation {unknown}
 k - a scroll of amnesia {unknown}


   Skills:
 + Level 3.3 Fighting
 - Level 1.7 Axes
 + Level 1.0 Armour
 + Level 2.2 Dodging
 - Level 4.5 Stealth


You had one spell level left.
You didn't know any spells.
Your spell library was empty.

Dungeon Overview and Level Annotations

Branches:
Dungeon (5/15)              Sewer (1/1)
 Temple: D:4-7

Altars:
Uskayaw


Innate Abilities, Weirdness & Mutations

You may rarely emit foul miasma when damaged in melee.


Message History

You feel sick.
You are no longer poisoned.
The kobold throws a poisoned dart.
The poisoned dart hits you!
You are poisoned.
You feel very sick.
The kobold throws a poisoned dart.
The poisoned dart closely misses you.
You feel sick.
The kobold throws a poisoned dart.
The poisoned dart misses you.
You feel sick.
You feel sick.
You feel sick.
You are no longer poisoned.
The kobold throws a poisoned dart.
The poisoned dart hits you!
You are lethally poisoned!
It was a potion of heal wounds.
You feel much better.
You feel very sick.
You feel very sick.
You feel sick.
You feel sick.
You feel sick.
You feel sick.
The jackal pauses to sniff the water.
The kobold throws a poisoned dart.
The poisoned dart hits you!
You are more poisoned.
You feel sick.
You feel sick.
Things that are here:
a +0 short sword; a kobold corpse You feel sick.
You see here a river rat skeleton.
You feel sick.
Things that are here:
a +0 short sword; a kobold corpse You feel sick.
You feel sick.
You feel sick. The kobold hits you with a +0 whip.
* * * LOW HITPOINT WARNING * * *
You completely miss the kobold.
You feel sick.
You are no longer poisoned.
The kobold hits you with a +0 whip.
You die...

#.#
#∩#
#.#
#∩#
#÷#
#)#
#.#
#.#
#@#
#K#
#h#
#K#
#≈#
#≈#
#≈#
#≈#
#≈#


You could see a jackal and 2 kobolds.

Vanquished Creatures
  A river rat (Sewer)
  An orc (D:4)
  2 endoplasms (D:4)
  A hobgoblin (D:4)
  A kobold (Sewer)
  4 rats (Sewer)
10 creatures vanquished.

Notes
Turn   | Place    | Note
-------+----------+-------------------------------------------
     0 | D:5      | flotson the Demonspawn Delver began the quest for the Orb.
     0 | D:5      | Reached XP level 1. HP: 18/18 MP: 1/1
   512 | D:4      | Found a hide-covered altar of Uskayaw.
   572 | D:4      | Noticed a lemure
   617 | D:3      | Found a glowing drain.
   626 | Sewer    | Entered a sewer
   634 | Sewer    | Gained mutation: You may rarely emit foul miasma when
                  | damaged in melee. [demonic ancestry]
   634 | Sewer    | Reached XP level 2. HP: 16/24 MP: 2/2
   638 | Sewer    | Reached skill level 1 in Armour
   831 | Sewer    | Noticed a kobold brigand
   959 | Sewer    | Slain by a kobold

Illustrated notes

Levels and vault maps discovered:
D:3:      minmay_angry_zag, layout_loops_ring, ashenzari_conservatory_becter,
          nicolae_dithmenos_shadow_blocks, cheibrodos_sewer_entry_drain,
          ebering_ghost_gozag, uniq_natasha
D:4:      minmay_chambers_of_threes, layout_cave_pods,
          mainiacjoe_overflow_alcove_2, serial_column_ruins,
          column_ruins_open_medium, column_ruins_corridor_straight,
          column_ruins_corridor_dead_end, column_ruins_open_medium,
          column_ruins_open_small, column_ruins_open_tiny, serial_shops,
          nicolae_shop_trees, uniq_pikel, uniq_duvessa
D:5:      layout_basic, ebering_ghost_sewer_d, serial_park_tiny_1, uniq_ijyb
Sewer:    sewer_kobolds

Skill      XL: |  1  2 |
---------------+-------+-----
Dodging        | 2 |  2.2
Armour         | 1 |  1.0
Fighting       | |  3.3
Axes           | |  1.7
Stealth        | |  4.5

Action                   || total
-------------------------++-------
Melee: Hand axe          ||    35
  Use: Potion            ||     2
       Scroll            ||     1
Armor: Leather armour    ||     6
Dodge: Dodged            ||    20

Table legend: (Time is in decaauts)
 A = Elapsed time spent in this place.
 B = Non-inter-level travel time spent in this place.
 C = Inter-level travel time spent in this place.
 D = Time resting spent in this place.
 E = Time spent auto-exploring this place.
 F = Levels seen in this place.
 G = Mean time per level.
                   A        B        C        D        E       F      G
               +--------+--------+--------+--------+--------+-----+--------+
         Total |    997 |    951 |     46 |      0 |    716 |   4 |  249.2 |
       Dungeon |    628 |    582 |     46 |      0 |    481 |   3 |  209.3 |
         Sewer |    368 |    368 |      0 |      0 |    235 |   1 |  368.0 |
               +--------+--------+--------+--------+--------+-----+--------+

Top non-repeatable levels by time:
     D:4: 484 daAuts
   Sewer: 368 daAuts
     D:5: 113 daAuts
     D:3: 30 daAuts
